 Dungeon Crawl Stone Soup version 0.23-a0-8-gb809bb7 (webtiles) character file.

224 robertstho the Magician (level 5, -8/28 HPs)
             Began as a Deep Elf Wizard on Aug 1, 2018.
             Killed by nerve-wracking pain
             ... invoked by Grinder
              (14 damage)
             ... on level 3 of the Dungeon.
             The game lasted 00:16:06 (2881 turns).

robertstho the Magician (Deep Elf Wizard)           Turns: 2881, Time: 00:16:08

Health: -8/28      AC:  3    Str:  4    XL:     5   Next: 67%
Magic:  0/16       EV: 13    Int: 24    God:
Gold:   63         SH:  0    Dex: 13    Spells: 4/17 levels left

rFire    . . .     SeeInvis .   v - +0 hunting sling
rCold    . . .     Gourm    .   (no shield)
rNeg     . . .     Faith    .   a - +0 robe
rPois    .         Spirit   .   b - +0 hat
rElec    .         Reflect  .   (no cloak)
rCorr    .         Harm     .   p - +0 pair of gloves
MR       .....                  (no boots)
Stlth    ++........             (no amulet)
HPRegen  0.09/turn              (no ring)
MPRegen  0.15/turn              (no ring)

@: no status effects
A: no striking features
a: no special abilities


You were on level 3 of the Dungeon.
You were not hungry.

You visited 1 branch of the dungeon, and saw 3 of its levels.

You collected 63 gold pieces.

Inventory:

Hand Weapons
 c - a +0 short sword
 h - a +0 short sword
 v - a +0 hunting sling (weapon)
Missiles
 f - 11 sling bullets (quivered)
 i - 94 stones
Armour
 a - a +0 robe (worn)
 b - a +0 hat (worn)
 p - a +0 pair of gloves (worn)
Scrolls
 l - 2 scrolls of teleportation {unknown}
 m - 2 scrolls of magic mapping
 n - a scroll of noise {unknown}
 q - a scroll of remove curse
 s - a scroll of blinking {unknown}
 t - a scroll of fog {unknown}
Potions
 e - a potion of curing {unknown}
 g - a potion of agility {unknown}
 j - 2 potions of haste
 k - a potion of magic {unknown}
 o - a potion of cancellation {unknown}
 r - a potion of resistance {unknown}
Comestibles
 d - 4 rations
 u - 5 chunks of flesh


   Skills:
 + Level 0.1 Fighting
 + Level 0.8 Short Blades
 + Level 0.1 Throwing
 + Level 3.0 Dodging
 + Level 3.2 Stealth
 + Level 6.9 Spellcasting
 + Level 3.1 Conjurations
 + Level 1.1 Summonings
 + Level 1.1 Translocations
 + Level 0.1 Poison Magic


You had 4 spell levels left.
You knew the following spells:

 Your Spells              Type           Power        Failure   Level  Hunger
a - Magic Dart            Conj           ###.         1%          1    None
b - Blink                 Tloc           N/A          7%          2    None
c - Call Imp              Summ           ##......     7%          2    None
d - Slow                  Hex            #.......     11%         2    None
e - Conjure Flame         Conj/Fire      ###.....     12%         3    None
f - Mephitic Cloud        Conj/Pois/Air  ##......     14%         3    None

Your spell library contained the following spells:

 Spells                   Type           Power        Failure   Level  Hunger


Dungeon Overview and Level Annotations

Branches:
Dungeon (3/15)

Altars:

Annotations:
D:3 Grinder


Message History

Press: ? - help, Shift-Dir - straight line, f/p - Grinder
Aim: Grinder (severely wounded)
You shoot a sling bullet.
The sling bullet closely misses Grinder.
The sling bullet hits the hobgoblin but does no damage.
The hobgoblin is almost dead.
Grinder hits you!
You writhe in agony.
* * * LOW HITPOINT WARNING * * *
Casting: Magic Dart (safe; 1% risk of failure)
Confirm with . or Enter, or press ? or * to list all spells.
Aiming: Magic Dart (safe; 1% risk of failure)
Press: ? - help, Shift-Dir - straight line, f/p - Grinder
Aim: Grinder (severely wounded)
The magic dart hits Grinder.
Grinder is severely wounded.
Grinder says, "FISH!"
Grinder gestures at you. Pain shoots through your body!
Ouch! That really hurt!
You die...

....... ( #...... ##.
#.##.. ((. #.#####.###.
(.# #........... #(#
######.#### #g# #.# #5##.
#.### #@##..#######...#
#.##..........#.#
##†##...######...##
#..##...# ##....#
.#######...#..#.####.÷÷#.#
.........#...###.....#.#.#
########...#..............
#...##.#.#####...#.
#...#.###.# #.#...


You could see Grinder and a hobgoblin.

Vanquished Creatures
  An orc warrior (D:3)
  An orc priest (D:3)
  3 adders
  An ooze (D:3)
  A worm (D:2)
  A dart slug (D:2)
  3 leopard geckos
  2 orcs (D:3)
  A ball python (D:3)
  3 bats (D:3)
  10 goblins
  8 hobgoblins
  4 jackals (D:3)
  7 kobolds
  3 frilled lizards
  A jackal zombie (D:2)
  16 rats
66 creatures vanquished.

Notes
Turn   | Place    | Note
-------+----------+-------------------------------------------
     0 | D:1      | robertstho the Deep Elf Wizard began the quest for the Orb.
     0 | D:1      | Reached XP level 1. HP: 10/10 MP: 7/7
   122 | D:1      | Reached skill level 5 in Spellcasting
   122 | D:1      | Reached XP level 2. HP: 12/15 MP: 2/10
   994 | D:2      | Reached XP level 3. HP: 19/19 MP: 10/12
  1417 | D:1      | Learned a level 2 spell: Blink
  1420 | D:1      | Learned a level 2 spell: Call Imp
  1423 | D:1      | Learned a level 2 spell: Slow
  1427 | D:1      | Learned a level 3 spell: Conjure Flame
  1431 | D:1      | Learned a level 3 spell: Mephitic Cloud
  1920 | D:2      | Reached skill level 6 in Spellcasting
  2048 | D:2      | Reached XP level 4. HP: 24/24 MP: 8/14
  2297 | D:3      | Noticed an orc warrior
  2307 | D:3      | Killed an orc warrior
  2307 | D:3      | Reached XP level 5. HP: 5/28 MP: 0/16
  2840 | D:3      | Noticed Grinder
  2871 | D:3      | Paralysed by Grinder for 7 turns
  2881 | D:3      | Killed from afar by Grinder

Vault maps used:
D:1:      dpeg_arrival_three_same_balls, minmay_tetromino_l2
D:2:      serial_undead, serial_undead_d, serial_undead_e, serial_undead_e,
          serial_undead_f, first_ration
D:3:      marbit_many_paths, uniq_natasha, uniq_grinder

Skill      XL: |  1  2  3  4  5 |
---------------+----------------+-----
Spellcasting   | 5 6 |  6.9
Stealth        | 3 |  3.2
Dodging        | 3 |  3.0
Conjurations   | 2 3 |  3.1
Fighting       | |  0.1
Short Blades   | |  0.8
Throwing       | |  0.1
Summonings     | |  1.1
Translocations | |  1.1
Poison Magic   | |  0.1

Action                   |  1- 3 |  4- 6 || total
-------------------------+-------+-------++-------
Melee: Unarmed           |     6 |       ||     6
       Dagger            |     7 |       ||     7
       Short sword       |       |    25 ||    25
 Fire: Hunting sling     |       |     6 ||     6
Throw: Stone             |     8 |       ||     8
 Cast: Magic Dart        |   112 |    66 ||   178
       Blink             |     1 |       ||     1
       Conjure Flame     |       |     3 ||     3
       Mephitic Cloud    |       |     3 ||     3
  Use: Scroll            |     5 |       ||     5
  Eat: Chunk             |     3 |     3 ||     6
Armor: Robe              |     6 |     5 ||    11
Dodge: Dodged            |    26 |    31 ||    57

Table legend:
 A = Spawn XP
 B = Non-spawn XP
 C = Spawn XP percentage of total XP
 D = Spawn monster count
 E = Non-spawn monster count
 F = Spawn count percentage of total count
 G = Total turns spent on level
                    A         B        C        D         E        F      G
               +---------+---------+-------+---------+---------+-------+---------
         Total |       0 |     320 |   0.0 |       0 |      66 |   0.0 |  2881
               +---------+---------+-------+---------+---------+-------+---------
           D:1 |       0 |      39 |   0.0 |       0 |      24 |   0.0 |  1122
           D:2 |       0 |      59 |   0.0 |       0 |      21 |   0.0 |  1230
           D:3 |       0 |     222 |   0.0 |       0 |      21 |   0.0 |   529
               +---------+---------+-------+---------+---------+-------+---------
